 Dungeon Crawl Stone Soup version 0.29.1-4-g47bece8355 (webtiles) character file.

Game seed: 15146042913192937227

350 javelincjr the Conjurer (level 6, -10/33 HPs)
             Began as a Deep Elf Conjurer on Dec 3, 2022.
             Mangled by an orc warrior
             ... wielding a +0 glaive
              (23 damage)
             ... in a bailey.
             The game lasted 00:21:17 (2561 turns).

javelincjr the Conjurer (Deep Elf Conjurer)         Turns: 2561, Time: 00:21:17

Health: -10/33     AC:  8    Str:  4    XL:     6   Next: 33%
Magic:  4/16       EV: 13    Int: 25    God:
Gold:   174        SH:  0    Dex: 13    Spells: 13/16 levels left

rFire   . . .      SeeInvis .   f - +1 halberd (freeze)
rCold   . . .      Faith    .   (shield currently unavailable)
rNeg    . . .      Spirit   .   a - +0 robe
rPois   .          Reflect  .   l - +1 helmet
rElec   .          Harm     .   (no cloak)
rCorr   .          Rampage  .   (no gloves)
Will    .....                   (no boots)
Stlth   ++........              (no amulet)
HPRegen 0.11/turn               c - +4 ring of protection
MPRegen 0.15/turn               (no ring)

@: no status effects
A: no striking features
a: no special abilities


You were in a bailey.
You visited 2 branches of the dungeon, and saw 6 of its levels.
You also visited: Bailey.

You collected 174 gold pieces.

Inventory:

Hand Weapons
 d - a +0 falchion
 f - a +1 halberd of freezing (weapon)
 g - a +0 dagger
 o - a +0 rapier
Armour
 a - a +0 robe (worn)
 l - a +1 helmet (worn)
Jewellery
 c - a +4 ring of protection (left hand)
Scrolls
 h - 2 scrolls of identify
 i - 2 scrolls of teleportation
 j - a scroll of immolation {unknown}
Potions
 e - a potion of flight
 p - a potion of attraction


   Skills:
 + Level 0.8 Fighting
 + Level 1.1 Short Blades
 + Level 3.1 Dodging
 + Level 4.1 Stealth
 + Level 5.7 Spellcasting
 + Level 6.0 Conjurations


You had 13 spell levels left.
You knew the following spells:

 Your Spells              Type           Power      Damage    Failure   Level
a - Magic Dart            Conj           100%       1d8       1%          1
b - Searing Ray           Conj           74%        2d7       1%          2

Your spell library contained the following spells:

 Spells                   Type           Power      Damage    Failure   Level
 Dazzling Flash           Conj/Hex       44%        N/A       7%          3
 Ozocubu's Armour         Ice            7%         N/A       22%         3
 Fulminant Prism          Conj/Hex       11%        3d9       22%         4
 Iskenderun's Mystic Bla  Conj/Tloc      22%        2d6       22%         4
 Metabolic Englaciation   Hex/Ice        3%         N/A       91%         5
 Simulacrum               Ice/Necr       3%         N/A       100%        6


Dungeon Overview and Level Annotations

Branches:
Dungeon (7/15)             Temple (1/1) D:7          Bailey (1/1)

Altars:


Message History

Aim: an orc warrior, wielding a +0 glaive and wearing a +0 scale mail (100% to hit)
The magic dart hits the orc warrior.
The orc warrior is lightly wounded.
Casting: Magic Dart (safe; 1% risk of failure)
Confirm with . or Enter, or press ? or * to list all spells.
Aiming: Magic Dart (safe; 1% risk of failure)
Press: ? - help, Shift-Dir - straight line, f/p - orc warrior
Aim: an orc warrior, wielding a +0 glaive and wearing a +0 scale mail (100% to hit)
The magic dart hits the orc warrior.
The orc warrior is lightly wounded.
Casting: Magic Dart (safe; 1% risk of failure)
Confirm with . or Enter, or press ? or * to list all spells.
Aiming: Searing Ray (safe; 1% risk of failure)
Press: ? - help, Shift-Dir - straight line, f/p - orc warrior
Aim: an orc warrior, wielding a +0 glaive and wearing a +0 scale mail (lightly wounded, 76% to hit)
The searing ray hits the orc warrior!
The orc warrior is moderately wounded. (Press . to maintain the ray.)
The searing ray hits the orc warrior but does no damage.
The orc warrior is moderately wounded.
The searing ray hits the orc warrior.
The orc warrior is heavily wounded.
The orc warrior misses you.
The searing ray misses the orc warrior.
You finish channelling your searing ray.
The orc warrior hits you from afar with a +0 glaive!!
Ouch! That really hurt!
Casting: Searing Ray (safe; 1% risk of failure)
Confirm with . or Enter, or press ? or * to list all spells.
Aiming: Searing Ray (safe; 1% risk of failure)
Press: ? - help, Shift-Dir - straight line, f/p - orc warrior
Aim: an orc warrior, wielding a +0 glaive and wearing a +0 scale mail (heavily wounded, 76% to hit)
The searing ray hits the orc warrior but does no damage.
The orc warrior is heavily wounded. (Press . to maintain the ray.)
The orc warrior barely misses you.
The searing ray misses the orc warrior.
The orc warrior hits you from afar with a +0 glaive!!
Ouch! That really hurt!
You die...

. ..
##########..~
#..........~~
#.~~~~~~~~~~.
#.~..@.o...).
#.~.#########
#.~.##
#.~..##
#.~~..##
##.~~..#
#∩.~~..#
#.~~..##.#
#.~..##.$.


You could see an orc warrior.

Vanquished Creatures
  A gnoll bouda (D:7)
  Jessica (D:2)
  4 orc wizards (D:7)
  9 gnolls
  An adder (D:2)
  3 worms
  9 orcs
  3 ball pythons
  2 bats (D:1)
  9 endoplasms
  6 giant cockroaches
  9 goblins
  9 hobgoblins
  2 jackals (D:1)
  2 quokkas
  3 frilled lizards
  2 kobolds
  9 rats
84 creatures vanquished.

Notes
Turn   | Place    | Note
-------+----------+-------------------------------------------
     0 | D:1      | javelincjr the Deep Elf Conjurer began the quest for the
                  | Orb.
     0 | D:1      | Reached XP level 1. HP: 10/10 MP: 6/6
     1 | D:1      | Found a runed translucent door.
   241 | D:1      | Reached XP level 2. HP: 15/15 MP: 5/8
   467 | D:1      | Reached skill level 5 in Conjurations
   667 | D:2      | Reached XP level 3. HP: 19/19 MP: 3/10
   791 | D:1      | Learned a level 2 spell: Searing Ray
  1164 | D:2      | Reached XP level 4. HP: 24/24 MP: 9/11
  1580 | D:2      | Noticed Jessica
  1583 | D:2      | Killed Jessica
  2002 | D:3      | Reached skill level 5 in Spellcasting
  2003 | D:3      | Reached XP level 5. HP: 28/28 MP: 5/14
  2093 | D:4      | You fall into a shaft and drop 3 floors!
  2125 | D:7      | Found a staircase to the Ecumenical Temple.
  2136 | Temple   | Entered the Ecumenical Temple
  2185 | D:7      | Noticed a water moccasin
  2204 | D:7      | Found a flagged portal.
  2215 | D:7      | Reached skill level 1 in Short Blades
  2215 | D:7      | Reached XP level 6. HP: 20/33 MP: 5/16
  2218 | D:7      | Reached skill level 6 in Conjurations
  2238 | Bailey   | Entered a bailey
  2552 | Bailey   | Noticed an orc warrior
  2561 | Bailey   | Mangled by an orc warrior

Illustrated notes

Levels and vault maps discovered:
D:1:      dpeg_arrival_caged_fury, layout_rooms
D:2:      layout_loops_ring, serial_glass, glass_columns_c, glass_columns_a,
          nicolae_hexahallways, uniq_jessica
D:3:      layout_loops_ring, chequers_ecumenical_altar_simple_redux
D:4:      layout_loops_cross, lemuel_round_altar, minmay_fractal_squares_5
D:7:      layout_cave_pods, minmay_temple_entry_waves, enter_bailey_4
Temple:   hc_temple_tempest_star
Bailey:   bailey_polearm_1, bailey

Skill      XL: |  1  2  3  4  5  6 |
---------------+-------------------+-----
Conjurations   | 5 6 |  6.0
Spellcasting   | 5 |  5.7
Stealth        | 3 4 |  4.1
Short Blades   | 1 |  1.1
Dodging        | 3 |  3.1
Fighting       | |  0.8

Action                   |  1- 3 |  4- 6 || total
-------------------------+-------+-------++-------
Melee: Unarmed           |     2 |       ||     2
       Dagger            |    24 |    17 ||    41
       Falchion          |     1 |       ||     1
       Punch             |       |     1 ||     1
       Halberd           |       |     9 ||     9
 Cast: Magic Dart        |    47 |    37 ||    84
       Searing Ray       |     6 |    17 ||    23
  Use: Scroll            |       |     6 ||     6
       Potion            |       |     6 ||     6
 Stab: Sleeping          |       |     1 ||     1
Armor: Robe              |    16 |    20 ||    36
Dodge: Dodged            |    23 |    25 ||    48
